AoeStats
← Attila the Hun

Oasis

509854859Analyzed
3v3 RM · 5d ago on Sep 28, 2026· 49m 57s· 6 players
Game mode
Random Map
Map size
Normal (6 player)
Population
200
Speed
Normal
Resources
Standard
Victory
Conquest
Starting age
Dark Age
Ending age
Imperial Age
RankedLock teamsTeams togetherTeam positionsShared explorationLock speedFull tech treeHidden civsTurbo modeCheats
Victory
Defeat
🇳🇱 Mongols · Netherlands
1076
+14
🇦🇺 Vikings · Australia
1046
+15
🇨🇳 Italians · China
962
+18
🇫🇷 Magyars · France
1064
-17
🇮🇳 Franks · India
1049
-17
🇿🇦 Slavs · South Africa
963
-13
*Lord*
1:50 Loom
11:22 Feudal Age
15:17 Castle Age
22:53 Double-Bit Axe
26:56 Bow Saw
26:40 Gold Mining
27:28 Wheelbarrow
28:42 Husbandry
28:05 Light Cavalry
28:51 Scale Barding Armor
29:13 Hand Cart
29:29 Forging
31:55 Imperial Age
30:40 Chain Barding Armor
31:59 Iron Casting
32:37 Gold Shaft Mining
31:55 Stone Mining
32:56 Coinage
33:16 Plate Barding Armor
33:43 Blast Furnace
33:05 Conscription
32:07 Cavalier
37:55 Fletching
39:00 Bodkin Arrow
39:18 Elite Throwing Axeman
40:44 Padded Archer Armor
42:06 Leather Archer Armor
42:10 Ordonnance Companies
42:51 Chivalry
49:25 Murder Holes
49:51 Ballistics
Malcupa
0:40 Loom
13:01 Feudal Age
13:36 Double-Bit Axe
13:35 Horse Collar
15:54 Wheelbarrow
15:04 Town Watch
21:04 Castle Age
19:28 Fletching
21:59 Bow Saw
21:53 Heavy Plow
23:16 Forging
26:06 Scale Barding Armor
30:48 Sanctity
31:18 Squires
32:15 Iron Casting
31:45 Detinets
35:55 Imperial Age
34:32 Chain Barding Armor
34:20 Bodkin Arrow
35:25 Chain Barding Armor
36:11 Hand Cart
36:08 Husbandry
36:22 Bloodlines
37:19 Conscription
38:47 Plate Barding Armor
39:19 Blast Furnace
38:47 Elite Boyar
41:09 Two-Man Saw
41:12 Scale Mail Armor
42:42 Sanctity
44:45 Druzhina
45:03 Masonry
45:28 Crop Rotation
46:17 Chain Mail Armor
45:50 Man-at-Arms
45:52 Pikeman
46:27 Long Swordsman
47:09 Two-Handed Swordsman
48:55 Plate Mail Armor
48:10 Champion
Attila the Hun
1:05 Loom
12:22 Feudal Age
14:18 Double-Bit Axe
14:48 Horse Collar
21:18 Castle Age
19:46 Stone Mining
20:19 Gold Mining
20:33 Scale Mail Armor
22:18 Scale Barding Armor
23:14 Heavy Plow
23:28 Bow Saw
26:50 Husbandry
挺拔的象拔蚌
5:13 Loom
10:10 Feudal Age
14:09 Double-Bit Axe
14:19 Gold Mining
14:14 Horse Collar
17:08 Castle Age
19:12 Heavy Plow
22:32 Bow Saw
22:52 Stone Mining
24:17 Wheelbarrow
25:54 Stone Shaft Mining
25:18 Man-at-Arms
29:41 Hand Cart
29:20 Pikeman
30:55 Squires
31:18 Ballistics
30:54 Murder Holes
33:48 Imperial Age
31:51 Town Watch
32:16 Treadmill Crane
32:32 Murder Holes
33:43 Silk Road
35:30 Two-Man Saw
36:06 Conscription
37:17 Chemistry
36:17 Elite Genoese Crossbowman
37:46 Forging
37:37 Scale Mail Armor
38:23 Thumb Ring
40:40 Iron Casting
40:21 Chain Mail Armor
39:56 Fletching
40:06 Padded Archer Armor
41:16 Pirotechnia
42:49 Blast Furnace
42:36 Crop Rotation
44:46 Silk Road
47:41 Arson
zsole19
3:33 Loom
12:22 Feudal Age
16:34 Castle Age
14:22 Double-Bit Axe
14:40 Horse Collar
15:31 Gold Mining
17:00 Wheelbarrow
17:49 Bow Saw
18:08 Heavy Plow
23:18 Hand Cart
28:11 Town Watch
29:10 Gold Shaft Mining
28:26 Stone Mining
31:40 Imperial Age
28:40 Pikeman
29:21 Squires
28:41 Pikeman
29:52 Masonry
29:54 Forging
29:44 Scale Mail Armor
29:50 Scale Barding Armor
30:33 Thumb Ring
30:44 Town Patrol
30:55 Fletching
31:05 Padded Archer Armor
30:27 Crossbowman
31:34 Ballistics
32:40 Iron Casting
32:21 Chain Mail Armor
32:26 Chain Barding Armor
31:54 Capped Ram
33:21 Conscription
33:00 Siege Ram
34:51 Drill
34:40 Husbandry
34:56 Bodkin Arrow
35:16 Leather Archer Armor
35:36 Bloodlines
34:46 Light Cavalry
36:20 Murder Holes
39:36 Blast Furnace
39:06 Plate Mail Armor
41:37 Bracer
41:52 Leather Archer Armor
43:00 Elite Mangudai
Angusjack
12:05 Feudal Age
13:53 Double-Bit Axe
21:15 Castle Age
19:35 Horse Collar
20:43 Gold Mining
20:43 Stone Mining
22:12 Pikeman
22:53 Squires
27:51 Town Watch
32:37 Bow Saw
32:28 Heavy Plow
36:06 Imperial Age
34:14 Caravan
35:04 Forging
36:23 Elite Varangian Guard
37:06 Scale Mail Armor
37:28 Conscription
38:44 Crop Rotation
39:16 Two-Man Saw
38:42 Chain Mail Armor
39:02 Iron Casting
39:14 Chieftains
40:18 Plate Mail Armor
40:20 Arson
41:38 Blast Furnace
42:11 Gold Shaft Mining
43:10 Fletching
43:21 Padded Archer Armor
43:45 Ballistics
44:25 Chemistry
43:31 Siege Engineers
43:37 Masonry
43:38 Fortified Wall
43:08 Treadmill Crane
43:24 Murder Holes
43:30 Capped Ram
44:19 Crossbowman
44:21 Elite Skirmisher
46:18 Siege Ram
48:18 Bogsveigar
48:21 Town Patrol
48:07 Loom
49:01 Architecture
49:10 Bodkin Arrow
49:30 Leather Archer Armor
Connection lost

Rejoining the realm…

Still unreachable

The connection could not be restored.

Session expired

The server has moved on; the page needs a fresh start.